 Dungeon Crawl Stone Soup version 0.21-a0-91-ga5031da (webtiles) character file.

174 Ijustatesigmund the Skirmisher (level 5, 59/59 HPs)
             Began as an Ogre Berserker on June 30, 2017.
             Was a Believer of Trog.
             Quit the game on level 3 of the Dungeon.
             The game lasted 00:05:25 (2475 turns).

Ijustatesigmund the Skirmisher (Ogre Berserker)     Turns: 2475, Time: 00:05:25

Health: 59/59      AC:  3    Str: 21    XL:     5   Next: 54%
Magic:  5/5        EV: 10    Int:  8    God:    Trog [**....]
Gold:   93         SH:  0    Dex:  9    Spells: 4/4 levels left

rFire    . . .     SeeInvis .   a - +0 mace
rCold    . . .     Gourm    .   (no shield)
rNeg     . . .     Faith    .   b - +0 animal skin
rPois    .         Spirit   .   (helmet restricted)
rElec    .         Reflect  .   (no cloak)
rCorr    .         Harm     .   (gloves unavailable)
MR       +....     Rnd*Rage +   (boots unavailable)
Stlth    +.........             (no amulet)
HPRegen  0.19/turn              (no ring)
MPRegen  0.09/turn              (no ring)

@: no status effects
A: unfitting armour, claws 1, berserk 1, magic resistance 1, tough skin 1,
evolution 1
a: Berserk, Trog's Hand, Burn Spellbooks, Renounce Religion


You were on level 3 of the Dungeon.
You worshipped Trog.
Trog was pleased with you.
You were hungry.

You visited 1 branch of the dungeon, and saw 3 of its levels.

You collected 93 gold pieces.

Inventory:

Hand Weapons
 a - a +0 mace (weapon)
Missiles
 j - 8 tomahawks (quivered)
Armour
 b - a +0 animal skin (worn)
Scrolls
 e - a scroll of identify
 g - a scroll of remove curse
Potions
 d - a potion of heal wounds
 h - 3 potions of degeneration {unknown}
 i - a potion of brilliance {unknown}
 k - a potion of curing {unknown}
 m - a potion of might
Comestibles
 c - 2 bread rations
 f - 3 meat rations


   Skills:
 + Level 6.1 Fighting
 + Level 4.4 Maces & Flails
 - Level 2.6 Dodging


You had 4 spell levels left.
You didn't know any spells.

Dungeon Overview and Level Annotations

Branches:
Dungeon (3/15)

Altars:
Ashenzari
Dithmenos
Fedhas
Nemelex Xobeh

Annotations:
D:3 2 transporters


Innate Abilities, Weirdness & Mutations

You are too large for most types of armour.
You have tough skin. (AC +1)
You have sharp fingernails.
You tend to lose your temper in combat.
You are resistant to hostile enchantments. (MR+)
You evolve.


Message History

Your Fighting skill increases to level 6!
The orc barely misses you.
You are too injured to fight recklessly!
You are too injured to fight recklessly!
You barely miss the orc. The orc hits you but does no damage.
You sock the orc!
You kill the orc!
Trog accepts your kill.
Items here: )) [ † a dagger; a robe; a short sword; an orc corpse You start resting.
The jelly quivers.
The jelly jiggles.
You feel a genetic drift.
You feel a little pissed off.
You start resting.
You are feeling hungry.
You start resting.
HP restored.
Are you sure you want to abandon this character and quit the game? (Confirm with "yes".)

#..###.#.......#
# #..
...#..†###.# #.
#.#.#.†.# .# #
.#.#<#...### #
.._....<...#
##.#######.# .#
#########
##@.......
#......###
#......##
#.).....#
##[##...##
#[##....#
##.....©!.
#..#######
#.##8Z.J..


There were no monsters in sight!

Vanquished Creatures
  An orc wizard (D:3)
  Robin (D:3)
  7 adders
  A leopard gecko (D:1)
  4 orcs (D:3)
  A ball python (D:3)
  3 giant cockroaches
  15 goblins
  6 hobgoblins
  5 jackals
  5 kobolds
  4 bats
  4 frilled lizards
  10 rats
67 creatures vanquished.

Notes
Turn   | Place    | Note
-------+----------+-------------------------------------------
     0 | D:1      | Ijustatesigmund the Ogre Berserker began the quest for the Orb.
     0 | D:1      | Reached XP level 1. HP: 24/24 MP: 1/1
   183 | D:1      | Reached XP level 2. HP: 23/32 MP: 2/2
   502 | D:1      | Reached XP level 3. HP: 29/40 MP: 3/3
   659 | D:1      | Gained mutation: You have sharp fingernails. [potion of mutation]
   659 | D:1      | Gained mutation: You are resistant to hostile enchantments. (MR+) [potion of mutation]
   659 | D:1      | Gained mutation: You evolve. [potion of mutation]
  1282 | D:2      | Reached ** piety under Trog
  1333 | D:2      | Reached skill level 5 in Fighting
  1334 | D:2      | Reached XP level 4. HP: 20/50 MP: 4/4
  1751 | D:3      | Found a shattered altar of Ashenzari.
  1815 | D:3      | Noticed Robin
  1853 | D:3      | Killed Robin
  1876 | D:3      | Reached XP level 5. HP: 41/58 MP: 5/5
  1931 | D:3      | Found a sparkling altar of Nemelex Xobeh.
  2269 | D:3      | Found a shadowy altar of Dithmenos.
  2271 | D:3      | Found a blossoming altar of Fedhas.
  2274 | D:3      | Found a transporter.
  2288 | D:3      | Noticed an ogre
  2291 | D:3      | Noticed an orc warrior
  2291 | D:3      | Found a transporter.
  2315 | D:3      | Reached skill level 6 in Fighting
  2368 | D:3      | Gained mutation: You tend to lose your temper in combat. [evolution]
  2475 | D:3      | Quit the game

Vault maps used:
D:1:      minmay_arrival_stair_chambers
D:2:      grunt_decor_mini_mirrors
D:3:      bloody_trog, lemuel_doored_altar, marbit_many_paths,
          gammafunk_temple_overflow_arena, ashenzari_altar_1,
          nicolae_ru_path_of_blood, uniq_robin

Skill      XL: |  1  2  3  4  5 |
---------------+----------------+-----
Maces & Flails | 3 4 |  4.4
Fighting       | 5 6 |  6.1
Dodging        | |  2.6

Action                   |  1- 3 |  4- 6 || total
-------------------------+-------+-------++-------
Melee: Mace              |    71 |   115 ||   186
Invok: Berserk           |     1 |       ||     1
       Trog's Hand       |       |     2 ||     2
  Use: Scroll            |     5 |     2 ||     7
       Potion            |     2 |       ||     2
  Eat: Chunk             |     2 |     4 ||     6
Armor: Animal skin       |    17 |    30 ||    47
Dodge: Dodged            |    54 |    73 ||   127
